 Dungeon Crawl Stone Soup version 0.17-a0-1582-ge6b0260 (webtiles) character file.

145 volk64 the Shield-Bearer (level 5, -6/46 HPs)
             Began as a Hill Orc Fighter on July 27, 2015.
             Mangled by Crazy Yiuf
             ... wielding a +4 quarterstaff of chaos
              (10 damage)
             ... on level 2 of the Dungeon.
             The game lasted 00:06:24 (1961 turns).

volk64 the Shield-Bearer (Hill Orc Fighter)         Turns: 1961, Time: 00:06:24

Health: -6/46      AC: 13    Str: 25    XL:     5   Next: 27%
Magic:  5/5        EV:  8    Int:  8    God:
Gold:   94         SH: 10    Dex: 10    Spells: 0 memorised, 4 levels left

rFire  . . .     SeeInvis .     a - +0 war axe
rCold  . . .     Clarity  .     b - +0 scale mail
rNeg   . . .     SustAt   .     c - +0 shield
rPois  .         Gourm    .     (no helmet)
rElec  .         Spirit   .     s - +2 cloak
rCorr  .         Warding  .     (no gloves)
rMut   .         Stasis   .     (no boots)
MR     .....                    (no amulet)
Stlth  ..........               p - ring of flight
                                l - +3 ring of protection

@: mighty, lethally poisoned (-6 -> -22), drained, not resistant to hostile
enchantments, extremely unstealthy
A: no striking features
a: Evoke Flight


You were on level 2 of the Dungeon.
You were not hungry.

You visited 1 branch of the dungeon, and saw 2 of its levels.

You collected 94 gold pieces.

Inventory:

Hand weapons
 a - a +0 war axe (weapon)
Armour
 b - a +0 scale mail (worn)
 c - a +0 shield (worn)
 s - a +2 cloak (worn)
Jewellery
 l - a +3 ring of protection (left hand)
 p - a ring of flight (right hand)
Scrolls
 f - 5 scrolls of identify {unknown}
 g - 3 scrolls of teleportation {unknown}
 m - 2 scrolls of enchant weapon {unknown}
Potions
 d - a potion of might
 h - 2 potions of heal wounds {unknown}
 k - a potion of cancellation {unknown}
 n - a potion of mutation {unknown}
 o - 3 potions of curing {unknown}
 r - a potion of degeneration {unknown}
Comestibles
 e - a bread ration
 i - 2 fruits
 j - 12 chunks of flesh
 q - a meat ration


   Skills:
 + Level 4.3(4.0) Fighting
 + Level 3.3(3.0) Axes
 + Level 4.3(4.0) Armour
 + Level 1.1(0.8) Dodging
 + Level 4.5(4.2) Shields


You had 4 spell levels left.
You didn't know any spells.

Dungeon Overview and Level Annotations

Branches:
Dungeon (2/15)

Altars:

Annotations:
D:2 Crazy Yiuf


Message History

No target in view!
Something hits you!
You miss something. Something hits you.
You feel drained.
You closely miss something. Something hits you. Something burns you.
Something hits you.
You are poisoned.
Some of the chunks of flesh in your inventory have rotted away.
You closely miss something.
You feel sick. Something hits you!
* * * LOW HITPOINT WARNING * * *
You closely miss something.
* * * LOW HITPOINT WARNING * * *
You feel sick. Something hits you.
* * * LOW HITPOINT WARNING * * *
You are more poisoned.
Unknown command.
Drink which item? (? for menu, Esc to quit)
You feel very mighty all of a sudden.
* * * LOW HITPOINT WARNING * * *
You feel sick. Something hits you!
You die...

#.# ##..#.# #.##.
#.# #..#.# ##.##.
#.# #..#.# #.....
#.# #..#.#
#....รท #.#
###### #.#### #.#
#.# #.########
#.# #.#....#.###
#### ###.####
#.......#@.##...#
#...##..
#......####.'...#
##..##.# ##....##
###..)# #..##.#
###### ####
##>.##.# #......#
##......
###.##### #.#.##
# #....####


There were no monsters in sight!

Vanquished Creatures
  3 adders (D:2)
  7 gnolls (D:2)
  An ooze (D:1)
  A worm (D:2)
  3 giant geckos
  A ball python (D:1)
  5 bats
  A giant cockroach (D:2)
  6 goblins
  7 hobgoblins
  3 jackals (D:2)
  2 quokkas
  A kobold (D:2)
  7 rats
48 creatures vanquished.

Vanquished Creatures (others)
  4 toadstools (D:1)
4 creatures vanquished.

Grand Total: 52 creatures vanquished

Notes
Turn   | Place    | Note
--------------------------------------------------------------
     0 | D:1      | volk64 the Hill Orc Fighter began the quest for the Orb.
     0 | D:1      | Reached XP level 1. HP: 19/19 MP: 1/1
   136 | D:1      | Reached XP level 2. HP: 24/27 MP: 2/2
   788 | D:2      | Reached XP level 3. HP: 33/33 MP: 3/3
   839 | D:2      | Reached skill level 4 in Shields
  1199 | D:2      | Reached XP level 4. HP: 14/40 MP: 4/4
  1869 | D:2      | Reached skill level 1 in Dodging
  1869 | D:2      | Reached XP level 5. HP: 43/46 MP: 5/5
  1950 | D:2      | Noticed Crazy Yiuf
  1961 | D:2      | Mangled by Crazy Yiuf

Vault maps used:
D:1:      ldierk_walled_garden_2
D:2:      uniq_crazy_yiuf_cottage

Action                   |  1- 3 |  4- 6 || total
-------------------------+-------+-------++-------
Melee: War axe           |   112 |    68 ||   180
  Use: Potion            |       |     1 ||     1
  Eat: Chunk             |     1 |     3 ||     4
